Map: King's Cove LE

Players

MyCrO

  • Race: Protoss Protoss
  • Spawn Location: 11:00

Mez - Winner!

  • Race: Terran Terran
  • League: Master
  • Spawn Location: 5:00

VOD

Have the link to the VOD?

Description

Time

  • Played on: July 29, 2019, 3:58 a.m.
  • Length: 7:14
Show
View Real Time Build Order
Export as new Build Order

MyCrO Protoss 

Build Orders: Oracle Opening 

Get SALT Encoding   

  12  0:00  Probe  
  13  0:13  Probe  
  14  0:19  Pylon  
  14  0:25  Probe  
  15  0:37  Probe  
  15  0:40  Gateway  
  16  0:50  Pylon  
  16  0:52  Probe  
  17  0:59  Assimilator  
  17  1:04  Probe  
  18  1:15  Gateway  
  18  1:16  Probe  
  19  1:28  Probe, Cybernetics Core  
  19  1:32  Zealot  
  20  1:40  Probe  
  20  1:45  Assimilator  
  23  1:52  Probe  
  24  1:56  Stalker  
  24  2:05  Stalker  
  28  2:09  Probe  
  29  2:16  Warp Gate  
  29  2:26  Probe, Pylon  
  30  2:44  Stalker  
  32  2:52  Stargate  
  32  2:57  Stalker  
  32  3:05  Probe  
  35  3:19  Probe  
  36  3:39  Oracle  
  39  4:10  Pylon  
  39  4:11  Pylon  
  39  4:25  Nexus  
  39  4:28  Probe, Oracle  
  43  4:35  Sentry x2  
  47  4:40  Probe  
  42  4:57  Probe  
  40  5:12  Probe  
  41  5:18  Twilight Council  
  41  5:21  Pylon  
  40  5:29  Probe  
  41  5:41  Probe  
  42  5:46  Probe  
  42  5:47  Robotics Facility  
  42  5:49  Probe, Gateway x2  
  43  5:52  Gateway  
  43  5:54  Probe  
  42  5:57  Probe  
  42  6:01  Pylon  
  42  6:02  Pylon  
  42  6:21  Stalker  
  42  6:25  Shield Battery  
  44  6:26  Shield Battery  
  44  6:29  Shield Battery  
  32  6:57  Zealot x4  
Show
View Real Time Build Order
Export as new Build Order

Mez Terran - Winner!

Build Orders: Reaper Expand 

Get SALT Encoding   

  12  0:00  SCV  
  13  0:13  SCV  
  14  0:18  Supply Depot  
  14  0:25  SCV  
  15  0:39  SCV  
  15  0:40  Barracks  
  16  0:47  Refinery  
  16  0:52  SCV  
  17  1:04  SCV  
  18  1:16  SCV  
  19  1:29  Orbital Command  
  19  1:30  Reaper  
  20  1:46  Command Center  
  20  1:55  Supply Depot  
  20  2:01  Bunker  
  20  2:10  Bunker  
  20  2:13  Bunker  
  20  2:20  SCV  
  20  2:22  Marine  
  22  2:28  Barracks  
  22  2:36  Barracks  
  22  2:41  Marine  
  23  2:59  Marine  
  23  3:01  Orbital Command  
  24  3:07  SCV  
  25  3:16  Barracks Tech Lab  
  25  3:19  SCV  
  26  3:26  Barracks Reactor, Marine  
  28  3:27  SCV  
  28  3:34  Engineering Bay  
  28  3:37  Engineering Bay  
  28  3:42  SCV x2  
  28  3:44  Concussive Shells, Marauder  
  31  3:49  Marine  
  31  4:06  Terran Infantry Weapons Level 1  
  31  4:09  Factory, SCV, Missile Turret  
  32  4:13  Marine x3, Marauder  
  37  4:26  Refinery, SCV  
  37  4:30  Marine  
  37  4:31  Marine x2  
  41  4:32  Orbital Command  
  41  4:34  Marauder, Supply Depot  
  43  4:38  Stimpack  
  39  4:56  Marine x3, Marauder  
  43  5:11  SCV x2  
  43  5:14  Marine  
  45  5:16  Marine x2  
  45  5:19  Starport  
  48  5:23  SCV x2  
  48  5:26  Marine  
  51  5:32  Marine  
  51  5:33  Factory Reactor  
  51  5:35  SCV x2  
  54  5:40  Barracks Tech Lab  
  54  5:43  Refinery  
  54  5:55  Supply Depot  
  54  6:06  SCV  
  54  6:07  SCV  
  54  6:09  Marine  
  54  6:15  Marine  
  54  6:16  Marine  
  54  6:17  Marauder  
  56  6:18  SCV  
  56  6:20  SCV  
  56  6:22  Missile Turret  
  55  6:27  Marine  
  52  6:33  SCV x2, Marine  
  52  6:34  Marine  
  52  6:39  Marine  
  55  6:45  Marine  
  55  6:51  Marine  
  55  6:53  Marine  
Tags
 
Add a new tag
Caveats
  • Supply blocks, unpowered buildings, or Contaminate may cause inaccurate times.
  • Supply counts are checked every 10 seconds.